 Dungeon Crawl Stone Soup version 0.25-a0-547-g27a0b5d1ef (webtiles) character file.

Game seed: 13026911176368192544, levelgen mode: deterministic

3561 ReteAZ the Fighter (level 10, -5/80 HPs)
             Began as a Gnoll Wanderer on Feb 22, 2020.
             Was a Believer of Cheibriados.
             Slain by a two-headed ogre
             ... wielding a +0 giant club
              (18 damage)
             ... on level 8 of the Dungeon.
             The game lasted 00:16:35 (6749 turns).

ReteAZ the Fighter (Gnoll Wanderer)                 Turns: 6749, Time: 00:16:36

Health: -5/80      AC: 14    Str: 18    XL:     10   Next: 9%
Magic:  5/5        EV: 14    Int: 21    God:    Cheibriados [**....]
Gold:   337        SH:  0    Dex: 21    Spells: 18/18 levels left

rFire    + . .     SeeInvis .   b - +9 morningstar of the Boiling Point {antimagic, rPois Stlth+}
rCold    . . .     Gourm    .   (no shield)
rNeg     . . .     Faith    .   o - +2 scale mail
rPois    +         Spirit   .   (no helmet)
rElec    .         Reflect  .   J - scarf {cloud immunity}
rCorr    .         Harm     .   x - +0 pair of gloves
MR       .....                  l - +2 pair of boots
Stlth    +++.......             (no amulet)
HPRegen  0.23/turn              A - +5 ring of slaying
MPRegen  0.09/turn              r - ring "Evaynagy" {rF+ Str-2} (curse)

@: very slow
A: distributed training, fangs 1, strong nose
a: Bend Time, Renounce Religion


You were on level 8 of the Dungeon.
You worshipped Cheibriados.
Cheibriados was pleased with you.
You were not hungry.

You visited 1 branch of the dungeon, and saw 8 of its levels.
You also visited: Sewer.

You collected 337 gold pieces.

Inventory:

Hand Weapons
 a - a +0 hand crossbow
 b - the +9 morningstar of the Boiling Point (weapon) {antimagic, rPois Stlth+}
   (You found it on level 5 of the Dungeon)

   It reduces the magical energy of the wielder, and disrupts the spells and
   magical abilities of those hit.
   Natural abilities and divine invocations are not affected.
   It protects you from poison.
   It makes you more stealthy.
 C - a +2 flail of holy wrath
 D - a +3 flail of protection
 S - a +2 whip of electrocution
Missiles
 c - 8 bolts
 i - 75 sling bullets
 v - 16 poisoned darts (quivered)
 y - a throwing net
 H - 5 boomerangs
 O - 6 javelins
Armour
 l - a +2 pair of boots (worn)
 o - a +2 scale mail (worn)
 s - a +0 leather armour of fire resistance
 x - a +0 pair of gloves (worn)
 J - a scarf of cloud immunity (worn)
Jewellery
 g - an uncursed ring of see invisible
 r - the cursed ring "Evaynagy" (right hand) {rF+ Str-2}
   (You found it in a sewer)

   [ring of strength]

   It affects your strength (-2).
   It protects you from fire.
   It has a curse placed upon it.
 t - a +3 ring of strength
 A - a +5 ring of slaying (left hand)
Wands
 d - a wand of enslavement (3)
 q - a wand of scattershot (3)
 E - a wand of flame (29)
 Q - a wand of digging (6)
Scrolls
 e - 5 scrolls of enchant weapon {unknown}
 h - 5 scrolls of immolation {unknown}
 j - a scroll of fog {unknown}
 k - 5 scrolls of remove curse {unknown}
 m - 2 scrolls of teleportation {unknown}
 p - 3 scrolls of identify {unknown}
 w - 2 scrolls of enchant armour {unknown}
 B - a scroll of random uselessness {unknown}
 L - a scroll of magic mapping {unknown}
 N - a scroll of amnesia {unknown}
 P - a scroll of blinking {unknown}
Potions
 n - 4 potions of heal wounds {unknown}
 u - a potion of stabbing {unknown}
 z - a potion of haste
 F - 2 potions of brilliance {unknown}
 G - 2 potions of curing
 I - 2 potions of lignification {unknown}
 K - a potion of degeneration {unknown}
 R - a potion of might {unknown}
Comestibles
 f - 20 rations
 M - 13 chunks of flesh


   Skills:
 + Level 8.2 Fighting
 + Level 4.8 Short Blades
 + Level 4.8 Long Blades
 + Level 4.8 Axes
 + Level 4.8 Maces & Flails
 + Level 6.7 Polearms
 + Level 4.8 Staves
 + Level 4.8 Slings
 + Level 4.8 Bows
 + Level 4.8 Crossbows
 + Level 4.8 Throwing
 + Level 6.7 Armour
 + Level 5.5 Dodging
 + Level 5.4 Stealth
 + Level 4.8 Shields
 + Level 4.8 Unarmed Combat
 + Level 4.8 Spellcasting
 + Level 4.0 Conjurations
 + Level 4.0 Hexes
 + Level 4.0 Charms
 + Level 4.0 Summonings
 + Level 4.0 Necromancy
 + Level 4.0 Translocations
 + Level 4.0 Transmutations
 + Level 4.0 Fire Magic
 + Level 4.0 Ice Magic
 + Level 4.0 Air Magic
 + Level 4.0 Earth Magic
 + Level 4.0 Poison Magic
 + Level 5.3 Invocations
 + Level 5.5 Evocations


You had 18 spell levels left.
You didn't know any spells.
Your spell library contained the following spells:

 Spells                   Type           Power        Failure   Level  Hunger
 Shock                    Conj/Air       ###.         6%          1    None
 Swiftness                Chrm/Air       ###.....     9%          2    None
 Static Discharge         Conj/Air       ###.....     17%         3    ##.....
 Airstrike                Air            ###.......   50%         4    ####...
 Lightning Bolt           Conj/Air       ###.......   85%         5    #####..


Dungeon Overview and Level Annotations

Branches:
Dungeon (8/15)             Temple (0/1) D:7           Sewer (visited)
   Lair: D:8-11

Altars:
Ashenzari
Cheibriados
Fedhas
Gozag
Makhleb
Nemelex Xobeh
Okawaru
Qazlal
Sif Muna
Uskayaw
Vehumet
Xom
Zin
The Shining One

Shops:
D:4 :

Annotations:
D:2 exclusion: oklob plant
D:6 1 exclusion


Innate Abilities, Weirdness & Mutations

Your experience applies equally to all skills.
You have very sharp teeth.
Your uncanny sense of smell can sniff out nearby items.


Message History

A two-headed ogre comes into view.
It is wielding a +0 giant club and a +0 dire flail.
Found a manual of Dodging.
The two-headed ogre hits you but does no damage. x2
The two-headed ogre hits you with a +0 giant club!
The two-headed ogre closely misses you.
You completely miss the two-headed ogre.
The two-headed ogre hits you with a +0 giant club!
The two-headed ogre hits you with a +0 dire flail.
You are too injured to fight recklessly!
Your scale mail prevents you from hitting the two-headed ogre.
The two-headed ogre hits you with a +0 giant club!
The two-headed ogre misses you.
You completely miss the two-headed ogre.
The two-headed ogre hits you with a +0 giant club!!
* * * LOW HITPOINT WARNING * * *
The two-headed ogre barely misses you.
The two-headed ogre hits you with a +0 giant club!
* * * LOW HITPOINT WARNING * * *
The two-headed ogre hits you with a +0 dire flail!!
You die...

#.###...##(....# #.#
##......##.# ..#
#....##.# # .##
#.#.....##.. .##
#.#.........
..###...##.##.##
...##..#############
.#....##..#..#..#O.#
.#####..#..#..#.@#.:#
.#....##.#..#..#..###
...#...############
#.......#
#####......∆ #
##...... # ######


You could see a two-headed ogre.

Vanquished Creatures
  A hornet (D:7)
  A spriggan (D:7)
  A wyvern (D:8)
  Edmund (D:5)
  Duvessa (D:5)
  A water moccasin (D:8)
  2 sky beasts
  A phantom (D:7)
  2 ogres
  2 centaurs
  6 bullfrogs
  Dowan (D:5)
  A scorpion (D:5)
  3 water moccasin skeletons
  5 killer bees (D:5)
  2 howler monkeys (D:7)
  2 crimson imps
  A centaur zombie (D:8)
  A quasit (D:6)
  A bullfrog zombie (D:6)
  An orc priest (D:3)
  2 hounds
  4 jellies
  7 orc wizards
  A bullfrog skeleton (D:5)
  Jessica (D:3)
  An iguana (D:6)
  Natasha (thrice) (D:2)
  5 worker ants
  Terence (D:2)
  A killer bee zombie (D:7)
  A hound skeleton (D:6)
  A howler monkey zombie (D:7)
  A howler monkey skeleton (D:8)
  2 river rats (D:3)
  7 adders
  A shadow imp (D:7)
  An ooze (D:4)
  7 leopard geckos
  29 orcs
  10 giant cockroaches
  5 goblins
  5 hobgoblins
  3 jackals (D:8)
  5 quokkas
  3 ball pythons
  6 bats
  11 frilled lizards
  5 kobolds
  A leopard gecko zombie (D:7)
  A quokka zombie (D:7)
  5 rats
173 creatures vanquished.

Vanquished Creatures (others)
  A killer bee (D:5)
  A hound skeleton (D:4)
2 creatures vanquished.

Grand Total: 175 creatures vanquished

Notes
Turn   | Place    | Note
-------+----------+-------------------------------------------
     0 | D:1      | ReteAZ the Gnoll Wanderer began the quest for the Orb.
     0 | D:1      | ReteAZ set off with the following items: a +0 hand
                  | crossbow, a +2 scale mail, 26 bolts, a potion of curing, a
                  | ration
     0 | D:1      | Reached XP level 1. HP: 23/23 MP: 2/2
   169 | D:1      | Reached XP level 2. HP: 28/29 MP: 3/3
   632 | D:2      | Noticed Natasha
   633 | D:2      | Noticed a crimson imp
   643 | D:2      | Noticed a crimson imp
   643 | D:2      | Killed Natasha
   643 | D:2      | Reached skill level 1 in Invocations
   643 | D:2      | Reached XP level 3. HP: 30/35 MP: 4/4
   757 | D:2      | Found a glowing silver altar of Zin.
   881 | D:2      | Noticed Natasha
   888 | D:2      | Killed Natasha
   888 | D:2      | Reached skill level 1 in Short Blades
   888 | D:2      | Reached skill level 1 in Long Blades
   888 | D:2      | Reached skill level 1 in Axes
   888 | D:2      | Reached skill level 1 in Maces & Flails
   888 | D:2      | Reached skill level 1 in Staves
   888 | D:2      | Reached skill level 1 in Slings
   888 | D:2      | Reached skill level 1 in Bows
   888 | D:2      | Reached skill level 1 in Crossbows
   888 | D:2      | Reached skill level 1 in Throwing
   888 | D:2      | Reached skill level 1 in Shields
   888 | D:2      | Reached skill level 1 in Unarmed Combat
   888 | D:2      | Reached skill level 1 in Spellcasting
   888 | D:2      | Reached XP level 4. HP: 34/41 MP: 4/6
  1074 | D:2      | Found a blossoming altar of Fedhas.
  1100 | D:2      | Noticed an oklob plant
  1112 | D:2      | Noticed Natasha
  1128 | D:2      | Killed Natasha
  1128 | D:2      | Reached skill level 1 in Conjurations
  1128 | D:2      | Reached skill level 1 in Hexes
  1128 | D:2      | Reached skill level 1 in Charms
  1128 | D:2      | Reached skill level 1 in Summonings
  1128 | D:2      | Reached skill level 1 in Necromancy
  1128 | D:2      | Reached skill level 1 in Translocations
  1128 | D:2      | Reached skill level 1 in Transmutations
  1128 | D:2      | Reached skill level 1 in Fire Magic
  1128 | D:2      | Reached skill level 1 in Ice Magic
  1128 | D:2      | Reached skill level 1 in Air Magic
  1128 | D:2      | Reached skill level 1 in Earth Magic
  1128 | D:2      | Reached skill level 1 in Poison Magic
  1292 | D:2      | Noticed Terence
  1312 | D:2      | Killed Terence
  1312 | D:2      | Reached XP level 5. HP: 42/47 MP: 7/7
  1495 | D:3      | Found a shimmering altar of Xom.
  1563 | D:3      | Found a glowing drain.
  1617 | Sewer    | Entered a sewer
  1968 | Sewer    | Reached XP level 6. HP: 38/53 MP: 8/8
  1970 | Sewer    | Reached skill level 5 in Polearms
  1970 | Sewer    | Reached skill level 5 in Armour
  1979 | Sewer    | Got a slimy granite ring
  2023 | Sewer    | Identified the cursed ring "Evaynagy" {rF+ Str-2} (You
                  | found it in a sewer)
  2271 | D:3      | Found a faded altar of an unknown god.
  2316 | D:3      | Found an iron altar of Okawaru.
  2400 | D:3      | Noticed Jessica
  2418 | D:3      | Killed Jessica
  2989 | D:4      | Reached XP level 7. HP: 49/59 MP: 10/10
  3026 | D:4      | Reached skill level 7 in Fighting
  3120 | D:4      | Found a stormy altar of Qazlal.
  3141 | D:4      | Found an opulent altar of Gozag.
  3227 | D:4      | Found Eritaj's Book Shop.
  3535 | D:5      | Entered Level 5 of the Dungeon
  3699 | D:5      | Noticed Duvessa
  3701 | D:5      | Noticed Dowan
  3706 | D:5      | Noticed Edmund
  3709 | D:5      | Killed Duvessa
  3716 | D:5      | Killed Dowan
  3731 | D:5      | Killed Edmund
  3731 | D:5      | Reached XP level 8. HP: 35/67 MP: 12/12
  3985 | D:5      | Got a dazzling morningstar
  3986 | D:5      | Identified the +9 morningstar of the Boiling Point
                  | {antimagic, rPois Stlth+} (You found it on level 5 of the
                  | Dungeon)
  4355 | D:5      | Found a glowing golden altar of the Shining One.
  5013 | D:6      | Found a snail-covered altar of Cheibriados.
  5018 | D:6      | Became a worshipper of Cheibriados the Contemplative
  5136 | D:6      | Reached XP level 9. HP: 72/72 MP: 4/14
  5251 | D:6      | Found a shimmering blue altar of Sif Muna.
  5446 | D:7      | Noticed a hornet
  5449 | D:7      | Paralysed by a hornet for 1 turns
  5450 | D:7      | Killed a hornet
  5450 | D:7      | Reached * piety under Cheibriados
  5711 | D:7      | Found a shattered altar of Ashenzari.
  5768 | D:7      | Reached skill level 5 in Dodging
  5768 | D:7      | Reached skill level 5 in Evocations
  5836 | D:7      | Reached skill level 5 in Stealth
  5865 | D:7      | Reached skill level 8 in Fighting
  6186 | D:7      | Found a staircase to the Ecumenical Temple.
  6322 | D:8      | Reached skill level 5 in Invocations
  6466 | D:8      | Found a sparkling altar of Nemelex Xobeh.
  6514 | D:8      | Found a burning altar of Makhleb.
  6556 | D:8      | Reached ** piety under Cheibriados
  6593 | D:8      | Reached XP level 10. HP: 67/80 MP: 5/17
  6608 | D:8      | Found a hide-covered altar of Uskayaw.
  6656 | D:8      | Found a radiant altar of Vehumet.
  6743 | D:8      | Noticed a two-headed ogre
  6749 | D:8      | Slain by a two-headed ogre

Levels and vault maps discovered:
D:1:      saegor_arrival_simple_d, layout_loops_ring
D:2:      layout_loops_ring, overflow_temple_1_default, tgw_fedhas,
          uniq_terence, uniq_natasha
D:3:      layout_loops_ring, xom_teletrap_fun, overflow_temple_1_default,
          portal_sewer_entry_a, chequers_ecumenical_altar_simple,
          skrybe_limestone_x, uniq_jessica
D:4:      layout_loops_ring, grunt_qazlal_clouds, serial_shops,
          nicolae_shop_crystal, first_ration, grunt_decor_fettered,
          nicolae_gozag_seed_capital
D:5:      layout_basic, nicolae_tso_swordbearing_angel, grunt_ministairs_9,
          uniq_edmund, uniq_duvessa
D:6:      layout_cave_pools, marbit_many_paths, led_sif_book
D:7:      layout_loops_ring, ashenzari_conservatory_becter,
          minmay_temple_entry_enclosed_plants, the_bakery
D:8:      layout_rooms, bloody_makhleb, eat_drink_and_be_merry_uskayaw,
          lemuel_crystal_altar, vehumet_altar_wand_db, minmay_manual_macuahuitl

Skill      XL: |  1  2  3  4  5  6  7  8  9 10 |
---------------+-------------------------------+-----
Invocations    | 1 2 3 4 5 |  5.3
Short Blades   | 1 2 3 4 |  4.8
Long Blades    | 1 2 3 4 |  4.8
Axes           | 1 2 3 4 |  4.8
Maces & Flails | 1 2 3 4 |  4.8
Staves         | 1 2 3 4 |  4.8
Slings         | 1 2 3 4 |  4.8
Bows           | 1 2 3 4 |  4.8
Crossbows      | 1 2 3 4 |  4.8
Throwing       | 1 2 3 4 |  4.8
Shields        | 1 2 3 4 |  4.8
Unarmed Combat | 1 2 3 4 |  4.8
Spellcasting   | 1 2 3 4 |  4.8
Conjurations   | 1 2 3 4 |  4.0
Hexes          | 1 2 3 4 |  4.0
Charms         | 1 2 3 4 |  4.0
Summonings     | 1 2 3 4 |  4.0
Necromancy     | 1 2 3 4 |  4.0
Translocations | 1 2 3 4 |  4.0
Transmutations | 1 2 3 4 |  4.0
Fire Magic     | 1 2 3 4 |  4.0
Ice Magic      | 1 2 3 4 |  4.0
Air Magic      | 1 2 3 4 |  4.0
Earth Magic    | 1 2 3 4 |  4.0
Poison Magic   | 1 2 3 4 |  4.0
Dodging        | 3 4 5 |  5.5
Evocations     | 3 4 5 |  5.5
Stealth        | 3 4 5 |  5.4
Polearms       | 5 6 |  6.7
Armour         | 5 6 |  6.7
Fighting       | 7 8 |  8.2

Action                   |  1- 3 |  4- 6 |  7- 9 | 10-12 || total
-------------------------+-------+-------+-------+-------++-------
Melee: Hand axe          |       |    81 |       |       ||    81
       Bite              |       |    11 |    19 |     2 ||    32
       Flail             |       |    19 |    53 |       ||    72
       Punch             |       |       |     2 |       ||     2
       Morningstar       |       |       |   128 |    23 ||   151
 Fire: Hand crossbow     |    65 |    83 |   100 |     9 ||   257
Throw: Dart              |       |       |     4 |       ||     4
Evoke: Wand              |       |       |     2 |       ||     2
  Use: Potion            |       |     3 |       |       ||     3
 Stab: Sleeping          |       |     2 |     5 |     2 ||     9
  Eat: Chunk             |       |     7 |     7 |       ||    14
       Ration            |       |       |     1 |       ||     1
Armor: Scale mail        |    16 |   100 |    90 |    11 ||   217
Dodge: Dodged            |    17 |    92 |   159 |    15 ||   283

Table legend:
 A = Non-vault XP
 B = Vault XP
 C = Vault XP percentage of total XP
 D = Non-vault monster count
 E = Vault monster count
 F = Vault count percentage of total count
                 A         B        C        D         E       F
            +---------+---------+-------+---------+---------+-------
      Total |    3492 |    1596 |  31.4 |     130 |      44 |  25.3
            +---------+---------+-------+---------+---------+-------
        D:1 |      23 |       0 |   0.0 |      14 |       0 |   0.0
        D:2 |      81 |      67 |  45.3 |      10 |       2 |  16.7
        D:3 |     103 |      67 |  39.4 |      19 |       5 |  20.8
        D:4 |     247 |       0 |   0.0 |      12 |       0 |   0.0
        D:5 |     454 |     803 |  63.9 |      15 |       9 |  37.5
        D:6 |     532 |       3 |   0.6 |      17 |       1 |   5.6
        D:7 |    1276 |     224 |  14.9 |      21 |       1 |   4.5
        D:8 |     776 |     199 |  20.4 |      22 |       6 |  21.4
      Sewer |       0 |     233 | 100.0 |       0 |      20 | 100.0
            +---------+---------+-------+---------+---------+-------
